AoeStats
← Suyash

Arabia

504689753Analyzed
1v1 RM · 27d ago on Sep 6, 2026· 21m 52s· 2 players
Game mode
Random Map
Map size
Tiny (2 player)
Population
200
Speed
Normal
Resources
Standard
Victory
Conquest
Starting age
Dark Age
Ending age
Imperial Age
RankedLock teamsTeams togetherTeam positionsShared explorationLock speedFull tech treeHidden civsTurbo modeCheats
Victory
Defeat
🇮🇳 Franks · India
1160
+20
🇮🇩 Armenians · Indonesia
1246
-20
Franko87
6:53 Loom
9:31 Feudal Age
9:48 Man-at-Arms
10:35 Double-Bit Axe
12:13 Long Swordsman
14:17 Arson
19:22 Scale Mail Armor
Suyash
7:13 Loom
10:11 Feudal Age
15:42 Fletching
15:53 Padded Archer Armor
16:29 Padded Archer Armor
22:07 Wheelbarrow
Connection lost

Rejoining the realm…

Still unreachable

The connection could not be restored.

Session expired

The server has moved on; the page needs a fresh start.